 Dungeon Crawl Stone Soup version 0.31-a0-18-gea43df2a32 (webtiles) character file.

Game seed: 3097274899724687748

46 BlasphemerAmon the Trooper (level 3, 0/26 HPs)
             Began as an Octopode Monk on May 12, 2023.
             Slain by a hobgoblin (5 damage)
             ... on level 3 of the Dungeon.
             The game lasted 00:01:36 (1834 turns).

BlasphemerAmon the Trooper (Octopode Monk)          Turns: 1834, Time: 00:01:36

Health: 0/26       AC:  5    Str: 10    XL:     3   Next: 66%
Magic:  3/3        EV: 14    Int: 12    God:
Gold:   160        SH:  0    Dex: 16    Spells: 2/2 levels left

rFire   . . .        a - +0 falchion
rCold   . . .        (no shield)
rNeg    . . .        (helmet restricted)
rPois   .            (no amulet)
rElec   .            i - +4 ring of protection
rCorr   .            m - ring of wizardry
SInv    .            (no ring)
Will    .....        (no ring)
Stlth   +++          (no ring)
HPRegen 0.24/turn    (no ring)
MPRegen 0.08/turn    (no ring)
                     (no ring)

%: wizardry (x1)
@: no status effects
A: almost no armour, amphibious, 8 rings, camouflage 1, gelatinous body 1,
(nimble swimmer 1), tentacles
a: no special abilities


You were on level 3 of the Dungeon.
You visited 1 branch of the dungeon, and saw 3 of its levels.

You collected 160 gold pieces.

Inventory:

Hand Weapons
 a - a +0 falchion (weapon)
Armour
 c - an orb of light
 k - a +0 cloak
Jewellery
 i - a +4 ring of protection (left tentacle)
 m - a ring of wizardry (right tentacle)
Scrolls
 d - a scroll of vulnerability {unknown}
 e - a scroll of enchant armour {unknown}
 f - a scroll of amnesia {unknown}
 h - a scroll of immolation {unknown}
 j - a scroll of noise {unknown}
 n - a scroll of fear {unknown}
Potions
 b - a potion of ambrosia
 g - a potion of curing {unknown}
 l - a potion of magic {unknown}


   Skills:
 + Level 3.4 Fighting
 + Level 3.4 Long Blades
 + Level 3.4 Dodging
 + Level 2.1 Stealth


You had 2 spell levels left.
You didn't know any spells.
Your spell library was empty.

Dungeon Overview and Level Annotations

Branches:
Dungeon (3/15)

Altars:
Wu Jian

Annotations:
D:3 Ijyb, Robin


Innate Abilities, Weirdness & Mutations

You cannot wear most types of armour.
You are amphibious.
You can wear up to eight rings at the same time.
Your skin changes colour to match your surroundings (Stealth+).
Your rubbery body absorbs attacks. (AC +1, EV +1)
((You are camouflaged when in or above water. (Stealth+)))
You have tentacles for arms and can constrict up to eight enemies at once.


Message History

You constrict Ijyb, but do no damage.
Robin roars a battlecry!
The goblins go into a battle-frenzy!
A gnoll comes into view. It is wielding a +0 whip.
The goblin barely misses you.
The hobgoblin hits you but does no damage.
Ijyb zaps a wand.
You resist with significant effort.
The gnoll shouts!
You slash Ijyb!
Ijyb is heavily wounded.
You constrict Ijyb, but do no damage.
You hear a shout!
The goblin closely misses you. Robin throws the goblin at you!
The goblin hits you with a +0 dagger.
An orc comes into view. It is wielding a +0 dagger.
A gnoll comes into view. It is wielding a +0 flail.
Ijyb hits you with a +0 dagger. The hobgoblin closely misses you.
You hit Ijyb but do no damage. Your squeeze misses Ijyb.
Ijyb is heavily wounded.
You constrict Ijyb, but do no damage. The goblin closely misses you.
Robin throws the goblin at you! The goblin hits you but does no damage.
The goblin hits you with a +0 dagger. Ijyb hits you but does no damage.
A gnoll comes into view. It is wielding a +0 whip.
The hobgoblin closely misses you.
You hit Ijyb but do no damage. Your squeeze misses Ijyb.
Ijyb is heavily wounded.
You constrict Ijyb, but do no damage. The goblin barely misses you.
The goblin hits you with a +0 dagger. The goblin barely misses you.
Ijyb hits you with a +0 dagger.
The hobgoblin hits you but does no damage.
The goblin hits you but does no damage. The hobgoblin barely misses you.
You hit Ijyb but do no damage.
Ijyb is heavily wounded.
You constrict Ijyb. The goblin barely misses you. The goblin misses you.
The goblin hits you with a +0 dagger.
* * * LOW HITPOINT WARNING * * *
Ijyb drinks a potion.
Ijyb is healed!
The hobgoblin hits you.
* * * LOW HITPOINT WARNING * * *
The goblin closely misses you. The hobgoblin hits you.
You die...

##.## . #...# ..
#...# ... #...#
.... #...# .....
#...#
.....r#gg>######
...oggg@g.......
......ggg≈.≈....
#......g.≈.≈....
#.####.g.≈.≈####
. #.g.≈≈≈#
#.g...## #.....#
#.....#


You could see Ijyb (strong), Robin, 3 gnolls, an orc, 2 hobgoblins, 6 goblins
and a rat.

Vanquished Creatures
  An adder (D:2)
  A worm (D:2)
  4 ball pythons
  3 endoplasms
  A giant cockroach (D:1)
  3 goblins (D:1)
  A hobgoblin (D:1)
  4 jackals (D:1)
  3 kobolds
  4 quokkas (D:1)
  A bat (D:1)
  3 frilled lizards
  2 rats
31 creatures vanquished.

Notes
Turn   | Place    | Note
-------+----------+-------------------------------------------
     0 | D:1      | BlasphemerAmon the Octopode Monk began the quest for the
                  | Orb.
     0 | D:1      | Reached XP level 1. HP: 16/16 MP: 1/1
    58 | D:1      | Reached skill level 1 in Stealth
    58 | D:1      | Reached XP level 2. HP: 21/21 MP: 2/2
   756 | D:1      | Reached XP level 3. HP: 20/26 MP: 3/3
  1181 | D:2      | Found an ornate altar of the Wu Jian Council.
  1824 | D:3      | Noticed Robin
  1825 | D:3      | Noticed Ijyb
  1825 | D:3      | Paralysed by Ijyb for 4 turns
  1834 | D:3      | Slain by a hobgoblin

Illustrated notes

Levels and vault maps discovered:
D:1:      mrwooster_arrival_statue, layout_basic, due_unseen_surprise
D:2:      layout_loops_ring, basic_altar, wander_ebering_terrifying_dragon_lair
D:3:      layout_loops_cross, chequers_serial_rivers_micro_d,
          minmay_misc_feat_enclosed, nicolae_goblin_pals, uniq_sigmund

Skill      XL: |  1  2  3 |
---------------+----------+-----
Stealth        | 1 2 |  2.1
Fighting       | |  3.4
Long Blades    | |  3.4
Dodging        | |  3.4

Action                     || total
---------------------------++-------
  Melee: Falchion          ||    59
         Constrict         ||    17
         Tentacles         ||    12
         Punch             ||     2
   Stab: Sleeping          ||    10
 Armour: Skin              ||    13
  Dodge: Dodged            ||    56

Table legend: (Time is in decaauts)
 A = Elapsed time spent in this place.
 B = Non-inter-level travel time spent in this place.
 C = Inter-level travel time spent in this place.
 D = Time resting spent in this place.
 E = Time spent auto-exploring this place.
 F = Levels seen in this place.
 G = Mean time per level.
                   A        B        C        D        E       F      G
               +--------+--------+--------+--------+--------+-----+--------+
         Total |   1840 |   1758 |     82 |    269 |   1261 |   3 |  613.3 |
       Dungeon |   1840 |   1758 |     82 |    269 |   1261 |   3 |  613.3 |
               +--------+--------+--------+--------+--------+-----+--------+

Top non-repeatable levels by time:
     D:1: 1146 daAuts
     D:2: 684 daAuts
     D:3: 10 daAuts
